 Dungeon Crawl Stone Soup version 0.31.0-9-g3a7656b989 (webtiles) character file.

Game seed: 15992688975019411951

524 qw the Shooter (level 7, -2/35 HPs)
             Began as a Spriggan Hunter on Feb 3, 2024.
             Slain by a lemure (8 damage)
             ... led by Pikel
             ... on level 5 of the Dungeon.
             The game lasted 00:01:16 (4177 turns).

qw the Shooter (Spriggan Hunter)                    Turns: 4177, Time: 00:01:16

Health: -2/35      AC:  5    Str:  7    XL:     7   Next: 2%
Magic:  8/8        EV: 21    Int: 10    God:
Gold:   294        SH:  0    Dex: 19    Spells: 6/6 levels left

rFire   . . .        a - +1 shortbow
rCold   . . .        (shield currently unavailable)
rNeg    . . .        c - +0 robe
rPois   .            (helmet restricted)
rElec   .            l - +2 cloak
rCorr   .            (gloves unavailable)
SInv    +            (boots unavailable)
Will    +....        (no amulet)
Stlth   ++           (no ring)
HPRegen 0.25/turn    (no ring)
MPRegen 0.11/turn

%: no passive effects
@: very quick
A: very small, no large weapons, unfitting armour, see invisible, speed 3,
clumsy 1, wild magic 1
a: no special abilities


You were on level 5 of the Dungeon.
You visited 1 branch of the dungeon, and saw 5 of its levels.

You collected 294 gold pieces.


Innate Abilities, Weirdness & Mutations

You are very small and have problems with some larger weapons.
You are too small for most types of armour.
You have supernaturally acute eyesight. (SInv)
You cover ground extremely quickly. (Speed+++)
You are clumsy. (Dex -2)
Your spells are a little harder to cast, but a little more powerful.


   Skills:
 - Level 2.1 Fighting
 - Level 7.0 Ranged Weapons
 + Level 6.3 Dodging
 - Level 1.5 Stealth


You had 6 spell levels left.
You didn't know any spells.
Your spell library was empty.

Inventory:

Hand Weapons
 a - a +1 shortbow (weapon)
Armour
 c - a +0 robe (worn)
 l - a +2 cloak (worn)
Jewellery
 f - a ring of fire
Wands
 j - a wand of flame (25)
 k - a wand of mindburst (12)
Scrolls
 g - 2 scrolls of identify
Potions
 e - 3 potions of curing
 i - 2 potions of mutation

Dungeon Overview and Level Annotations

Branches:
Dungeon (5/15)
 Temple: D:4-7

Altars:
Uskayaw
Xom


Message History

The lemure hits you. The lemure closely misses you. The lemure hits you.
You shoot an arrow. The arrow barely misses the lemure.
The lemure completely misses you. The lemure hits you.
You shoot an arrow. The arrow barely misses the lemure.
The lemure completely misses you. The lemure hits you.
You shoot an arrow. The arrow hits the lemure!
The lemure is moderately wounded.
The lemure completely misses you. The lemure hits you.
You shoot an arrow. The arrow hits the lemure!
The lemure is severely wounded.
The lemure misses you. The lemure hits you.
You shoot an arrow. The arrow barely misses the lemure.
The lemure hits you but does no damage. The lemure misses you.
You shoot an arrow. The arrow closely misses the lemure.
The lemure completely misses you. The lemure hits you.
You shoot an arrow. The arrow hits the lemure.
The lemure is almost dead.
The lemure closely misses you. The lemure completely misses you.
You shoot an arrow. The arrow closely misses the lemure.
The lemure closely misses you. The lemure hits you.
You shoot an arrow. The arrow hits the lemure.
You kill the lemure!
That felt strangely unrewarding.
The lemure misses you.
You shoot an arrow. The arrow hits the lemure!
The lemure is moderately wounded.
The lemure hits you.
You shoot an arrow. The arrow hits the lemure!
The lemure is severely wounded.
The lemure closely misses you.
You shoot an arrow. The arrow hits the lemure.
The lemure is severely wounded.
The lemure completely misses you.
You shoot an arrow. The arrow barely misses the lemure.
The lemure completely misses you.
You shoot an arrow.
The arrow hits the lemure but does no damage.
The lemure is severely wounded.
The lemure hits you!
You die...

# #.5# ## #..# ## .## #.5#
#.# ..### ##.###..# ....#
#......# ######## ##.....#
.# #..######## #.....#
.#####......[.###.....#
...##.(.....:...@5.####
##......##....####.##
#..####....### #..## #..#
#..### ##...# #..# #.##
#....## #..# #.# #.....##
...# ##.## ##......##
....###...######........#
............##..#..###...#


You could see a lemure.

Vanquished Creatures
  A phantom (D:4)
  A lemure (D:5)
  A hound (D:4)
  A jelly (D:4)
  A human zombie (D:4)
  An orc priest (D:3)
  A sleepcap (D:4)
  An iguana (D:5)
  4 human skeletons (D:4)
  An orc wizard (D:3)
  7 adders
  A dart slug (D:1)
  14 orcs
  9 endoplasms
  2 giant cockroaches
  4 goblins
  3 hobgoblins
  3 jackals (D:1)
  7 kobolds
  4 quokkas
  4 ball pythons
  7 bats
  2 frilled lizards
  An orc skeleton (D:4)
  5 rats
86 creatures vanquished.

Notes
Turn   | Place    | Note
-------+----------+-------------------------------------------
     0 | D:1      | qw the Spriggan Hunter began the quest for the Orb.
     0 | D:1      | Reached XP level 1. HP: 10/10 MP: 2/2
     0 | D:1      | 0 ||| qw: Version: 0.3-a-155-g5e7d8dd
     0 | D:1      | 0 ||| qw: Game counter: 2966
     0 | D:1      | 0 ||| qw: Melee chars always use a shield: true
     0 | D:1      | 0 ||| qw: God list: Okawaru
     0 | D:1      | 0 ||| qw: Allow faded altars: false
     0 | D:1      | 0 ||| qw: Do Orc after clearing Dungeon:15 true
     0 | D:1      | 0 ||| qw: Do second Lair branch before Depths: true
     0 | D:1      | 0 ||| qw: Lair rune preference: random
     0 | D:1      | 0 ||| qw: Goals: Normal
     0 | D:1      | 0 ||| PLANNING D:1-11
    49 | D:1      | Reached skill level 3 in Dodging
   114 | D:1      | Reached XP level 2. HP: 14/14 MP: 3/3
   798 | D:1      | 798 ||| DROPPING ring of magical power.
   799 | D:1      | 799 ||| DROPPING +6 ring of intelligence.
   800 | D:1      | 800 ||| READING scroll labelled VIDIUT MUNOERY.
   800 | D:1      | 800 ||| IDENTIFYING red potion
   801 | D:1      | 801 ||| DROPPING scroll of butterflies.
   818 | D:2      | Reached XP level 3. HP: 18/18 MP: 4/4
   873 | D:2      | You fall into a shaft and drop 1 floor!
   897 | D:3      | 897 ||| READING scroll labelled OBLEMP YMIFRECW.
   902 | D:3      | 902 ||| Stepping randomly (stuck).
   903 | D:3      | 903 ||| Stepping randomly (stuck).
   904 | D:3      | 904 ||| Stepping randomly (stuck).
   905 | D:3      | 905 ||| Stepping randomly (stuck).
   906 | D:3      | 906 ||| Stepping randomly (stuck).
  1144 | D:2      | Found a hide-covered altar of Uskayaw.
  1434 | D:2      | Reached skill level 5 in Ranged Weapons
  1707 | D:2      | 1707 ||| READING scroll labelled DAIS BAOTZ.
  1708 | D:2      | 1708 ||| READING scroll labelled KONWUR SIFIM.
  1709 | D:2      | 1709 ||| READING scroll labelled VIEFYLESITZ.
  1710 | D:2      | 1710 ||| READING scroll labelled DETOUT EFAHY.
  1757 | D:3      | Reached XP level 4. HP: 22/22 MP: 5/5
  1837 | D:3      | 1837 ||| DRINKING 2 amethyst potions.
  1838 | D:3      | 1838 ||| DRINKING ruby potion.
  1852 | D:3      | HP: 5/22 [orc wizard/magic dart (5)]
  1853 | D:3      | 1853 ||| READING scroll of teleportation.
  1855 | D:3      | 1855 ||| DRINKING potion of heal wounds.
  1975 | D:3      | Reached XP level 5. HP: 26/26 MP: 6/6
  2427 | D:3      | 2427 ||| READING scroll labelled ZIT WACOBAMN.
  2427 | D:3      | 2427 ||| ENCHANTING +0 shortbow.
  2428 | D:3      | 2428 ||| READING scroll labelled NARHOOK LAHIMU.
  2429 | D:3      | 2429 ||| DRINKING 2 pink potions.
  2429 | D:3      | Gained mutation: You are clumsy. (Dex -2) [potion of
                  | mutation]
  2429 | D:3      | Gained mutation: Your spells are a little harder to cast,
                  | but a little more powerful. [potion of mutation]
  2431 | D:3      | 2431 ||| Stepping ~*~*~tactically~*~*~ (cloud).
  2551 | D:4      | 2551 ||| PLANNING OSSUARY
  2740 | D:4      | Found a shimmering altar of Xom.
  2741 | D:4      | Found a shimmering altar of Xom.
  3260 | D:4      | Noticed a phantom
  3261 | D:4      | 3261 ||| DRINKING potion of haste.
  3279 | D:4      | Killed a phantom
  3280 | D:4      | Reached skill level 6 in Ranged Weapons
  3280 | D:4      | Reached XP level 6. HP: 23/30 MP: 7/7
  3429 | D:4      | Found a sand-covered staircase.
  3430 | D:4      | 3430 ||| RIP OSSUARY
  3430 | D:4      | 3430 ||| PLANNING D:1-11
  3527 | D:4      | Reached skill level 6 in Dodging
  3897 | D:4      | 3897 ||| UPGRADING to +2 cloak.
  3902 | D:4      | 3902 ||| READING 3 scrolls of identify.
  3902 | D:4      | 3902 ||| IDENTIFYING metallic inky potion
  3903 | D:4      | 3903 ||| READING 2 scrolls of identify.
  3903 | D:4      | 3903 ||| IDENTIFYING glowing black potion
  3904 | D:4      | 3904 ||| DROPPING potion of degeneration.
  3905 | D:4      | 3905 ||| DROPPING potion of brilliance.
  3918 | D:5      | Entered Level 5 of the Dungeon
  3921 | D:5      | 3921 ||| STAIRDANCE
  3938 | D:5      | Reached skill level 7 in Ranged Weapons
  4132 | D:5      | Noticed an ice beast
  4133 | D:5      | 4133 ||| RETREEEEATING.
  4134 | D:5      | 4134 ||| RETREEEEATING.
  4135 | D:5      | 4135 ||| RETREEEEATING.
  4137 | D:5      | 4137 ||| RETREEEEATING.
  4138 | D:5      | 4138 ||| RETREEEEATING.
  4139 | D:5      | 4139 ||| RETREEEEATING.
  4140 | D:5      | 4140 ||| RETREEEEATING.
  4142 | D:5      | 4142 ||| RETREEEEATING.
  4143 | D:5      | 4143 ||| RETREEEEATING.
  4145 | D:5      | 4145 ||| RETREEEEATING.
  4146 | D:5      | 4146 ||| RETREEEEATING.
  4147 | D:5      | 4147 ||| RETREEEEATING.
  4150 | D:5      | Reached XP level 7. HP: 35/35 MP: 8/8
  4171 | D:5      | HP: 6/35 [lemure[Pikel] (5)]
  4177 | D:5      | Slain by a lemure

Levels and vault maps discovered:
D:1:      lightli_arrival_statue_moat, layout_basic
D:2:      layout_loops_corners, basic_altar, kennysheep_cross_room
D:3:      layout_loops_ring
D:4:      layout_basic, xom_redecorated, nicolae_ossuary_entry_catacombs,
          nicolae_zig_zag_zippers
D:5:      layout_layer_cave, uniq_pikel

Skill      XL: |  1  2  3  4  5  6 |
---------------+-------------------+-----
Dodging        | 3 4 5 6 |  6.3
Ranged Weapons | 5 6 7 |  7.0
Fighting       | 2 |  2.1
Stealth        | |  1.5

Action                     |  1- 3 |  4- 6 |  7- 9 || total
---------------------------+-------+-------+-------++-------
   Fire: Shortbow          |    90 |   241 |    28 ||   359
    Use: Scroll            |     6 |     5 |       ||    11
         Potion            |       |     5 |       ||     5
 Armour: Robe              |     9 |    34 |    16 ||    59
  Dodge: Dodged            |    36 |   121 |    29 ||   186

Table legend:
 A = Non-vault XP
 B = Vault XP
 C = Vault XP percentage of total XP
 D = Non-vault monster count
 E = Vault monster count
 F = Vault count percentage of total count
                 A         B        C        D         E       F
            +---------+---------+-------+---------+---------+-------
      Total |     564 |     185 |  24.7 |      79 |       6 |   7.1
            +---------+---------+-------+---------+---------+-------
        D:1 |      40 |       0 |   0.0 |      24 |       0 |   0.0
        D:2 |      51 |       0 |   0.0 |      10 |       0 |   0.0
        D:3 |     120 |       0 |   0.0 |      18 |       0 |   0.0
        D:4 |     304 |     185 |  37.8 |      25 |       6 |  19.4
        D:5 |      49 |       0 |   0.0 |       2 |       0 |   0.0
            +---------+---------+-------+---------+---------+-------
